 Dungeon Crawl Stone Soup version 0.31-a0-1-g4198be8af4 (webtiles) character file.

Game seed: 12452095848909777344

201 backslashecho the Chopper (level 6, 0/48 HPs)
             Began as a Human Fighter on Apr 30, 2023.
             Slain by a centaur (6 damage)
             ... on level 5 of the Dungeon.
             The game lasted 00:06:30 (2209 turns).

backslashecho the Chopper (Human Fighter)           Turns: 2209, Time: 00:06:30

Health: 0/48       AC:  8    Str: 19    XL:     6   Next: 7%
Magic:  6/6        EV: 14    Int:  8    God:
Gold:   104        SH:  5    Dex: 12    Spells: 5/5 levels left

rFire   + . .        a - +1 war axe
rCold   + + .        c - +1 buckler
rNeg    . . .        i - +1 scale mail of the Enchanted Forest {Stlth+}
rPois   +            (no helmet)
rElec   +            (no cloak)
rCorr   +            (no gloves)
SInv    .            (no boots)
Will    .....        (no amulet)
Stlth   +            d - +5 ring of evasion
HPRegen 0.28/turn    (no ring)
MPRegen 0.10/turn

%: no passive effects
@: resistant
A: cold resistance 1
a: no special abilities


You were on level 5 of the Dungeon.
You visited 1 branch of the dungeon, and saw 5 of its levels.

You collected 104 gold pieces.

Inventory:

Hand Weapons
 a - a +1 war axe (weapon)
 b - a +0 sling
Armour
 c - a +1 buckler (worn)
 i - the +1 scale mail of the Enchanted Forest (worn) {Stlth+}
   (You found it on level 2 of the Dungeon)

   Stlth:     It makes you more stealthy.
Jewellery
 d - a +5 ring of evasion (left hand)
Potions
 g - a potion of flight {unknown}
 l - a potion of mutation


   Skills:
 + Level 3.7 Fighting
 * Level 3.9 Axes
 + Level 3.7 Armour
 + Level 3.8 Shields
 - Level 1.0 Unarmed Combat


You had 5 spell levels left.
You didn't know any spells.
Your spell library was empty.

Dungeon Overview and Level Annotations

Branches:
Dungeon (6/15)
 Temple: D:4-7

Altars:

Annotations:
D:2 1 runed translucent door, Crazy Yiuf


Innate Abilities, Weirdness & Mutations

Your flesh is cold resistant. (rC+)


Message History

The adder misses you. You block the iguana's attack.
You have reached level 6!
You take 2 damage, and have 8/48 hp.
MP restored: 6 The iguana closely misses you.
The adder barely misses you.
Your surroundings suddenly seem different.
A centaur comes into view.
Found a club.
Found an escape hatch in the ceiling.
The centaur shouts!
You hear a shout!
A centaur comes into view.
The centaur closely misses you. x2; The centaur barely misses you. x2
You hear a shout!
You hear a shout! x2
The centaur completely misses you. The centaur misses you.
You block the centaur's attack. The centaur kicks you.
* * * LOW HITPOINT WARNING * * *
You barely miss the centaur. You hit the centaur. The centaur misses you.
The centaur closely misses you. x2
The centaur kicks you but does no damage.
The centaur hits you but does no damage.
The centaur closely misses you. The centaur barely misses you.
The centaur completely misses you.
Okay, then.
You barely miss the centaur. You hit the centaur. The centaur hits you.
* * * LOW HITPOINT WARNING * * *
The centaur kicks you but does no damage.
The centaur hits you but does no damage.
The centaur closely misses you.
The centaur hits you but does no damage.
The centaur kicks you.
* * * LOW HITPOINT WARNING * * *
The centaur barely misses you. The centaur closely misses you.
You take 3 damage, and have 5/48 hp.
Okay, then.
You aren't carrying any scrolls.
Unknown command.
It was a potion of resistance.
You feel protected. The centaur hits you.
You die...

#.....##.....
##.....#. .)..
##.............
.......<.#...
.........#..
#........#
#........#
#..@.#
........cc#
............#
............#
............#
.#...##.....#
##.. ..##..#
#.. #.# ..#


You could see 2 centaurs.

Vanquished Creatures
  A hound (D:5)
  Jessica (D:2)
  Natasha (thrice) (D:2)
  2 adders
  A worm (D:2)
  2 dart slugs
  5 endoplasms
  2 giant cockroaches (D:2)
  3 goblins
  2 hobgoblins (D:2)
  4 jackals (D:1)
  5 kobolds
  2 quokkas (D:1)
  7 ball pythons
  3 bats (D:1)
  2 frilled lizards
  4 rats
49 creatures vanquished.

Vanquished Creatures (others)
  A fungus (D:1)
1 creature vanquished.

Grand Total: 50 creatures vanquished

Notes
Turn   | Place    | Note
-------+----------+-------------------------------------------
     0 | D:1      | backslashecho the Human Fighter began the quest for the
                  | Orb.
     0 | D:1      | Reached XP level 1. HP: 18/18 MP: 1/1
   136 | D:1      | Reached XP level 2. HP: 22/24 MP: 2/2
   167 | D:1      | Reached skill level 1 in Unarmed Combat
   426 | D:1      | Reached XP level 3. HP: 29/29 MP: 3/3
   914 | D:2      | Found a faded altar of an unknown god.
   917 | D:2      | Noticed a floating eye
   919 | D:2      | Noticed an eye of devastation
   919 | D:2      | Noticed an eye of devastation
   919 | D:2      | Noticed a floating eye
  1022 | D:2      | Found a runed translucent door.
  1023 | D:2      | Noticed Crazy Yiuf
  1063 | D:2      | Reached XP level 4. HP: 30/35 MP: 4/4
  1342 | D:2      | Noticed Natasha
  1351 | D:2      | Killed Natasha
  1538 | D:2      | Noticed Natasha
  1730 | D:2      | Killed Natasha
  1731 | D:2      | Reached XP level 5. HP: 39/41 MP: 5/5
  1733 | D:2      | Noticed Natasha
  1777 | D:2      | Killed Natasha
  1834 | D:2      | Noticed Jessica
  1841 | D:2      | Killed Jessica
  1990 | D:2      | Identified the +1 scale mail of the Enchanted Forest
                  | {Stlth+}
  2172 | D:3      | You fall into a shaft and drop 3 floors!
  2175 | D:5      | Entered Level 5 of the Dungeon
  2200 | D:5      | Gained mutation: Your flesh is cold resistant. (rC+)
                  | [potion of mutation]
  2204 | D:5      | Reached XP level 6. HP: 8/48 MP: 6/6
  2209 | D:5      | Slain by a centaur

Illustrated notes

Levels and vault maps discovered:
D:1:      eino_arrival_cavern_a, layout_loops_ring, minmay_shallow_snake_nest
D:2:      layout_basic, hellmonk_ecumenical_altar_watching_god, uniq_natasha,
          uniq_crazy_yiuf_cottage, uniq_jessica
D:3:      layout_loops_ring, nicolae_vehumet_altar_sigil, serial_shops,
          nicolae_shop_pleasant_corner_grove, nicolae_kite_square_tiling_tiny,
          minmay_liquid_box, serial_bayou_pond_b
D:5:      layout_cave_pools, minmay_temple_entry_glass, serial_gnoll_camp,
          gnoll_camp_mini_hut, gnoll_camp_mini_hut, gnoll_camp_huts_moat,
          gnoll_camp_mini_loothouse, gnoll_camp_mini_hut, gnoll_camp_medium_02
D:6:      layout_basic, lemuel_crystal_altar, uniq_prince_ribbit1, uniq_menkaure

Skill      XL: |  1  2  3  4 |
---------------+-------------+-----
Unarmed Combat | 1 |  1.0
Axes           | 3 |  3.9
Fighting       | |  3.7
Armour         | |  3.7
Shields        | |  3.8

Action                     |  1- 3 |  4- 6 || total
---------------------------+-------+-------++-------
  Melee: War axe           |    82 |    64 ||   146
    Use: Potion            |     1 |     4 ||     5
         Scroll            |       |     5 ||     5
 Armour: Scale mail        |    46 |    22 ||    68
  Dodge: Dodged            |    46 |    56 ||   102
  Block: Buckler           |    19 |    21 ||    40

Table legend: (Time is in decaauts)
 A = Elapsed time spent in this place.
 B = Non-inter-level travel time spent in this place.
 C = Inter-level travel time spent in this place.
 D = Time resting spent in this place.
 E = Time spent auto-exploring this place.
 F = Levels seen in this place.
 G = Mean time per level.
                   A        B        C        D        E       F      G
               +--------+--------+--------+--------+--------+-----+--------+
         Total |   2276 |   2150 |    126 |    363 |   1239 |   5 |  455.2 |
       Dungeon |   2276 |   2150 |    126 |    363 |   1239 |   5 |  455.2 |
               +--------+--------+--------+--------+--------+-----+--------+

Top non-repeatable levels by time:
     D:1: 1150 daAuts
     D:2: 1086 daAuts
     D:5: 36 daAuts
     D:6: 2 daAuts
